Map: Кислотный завод РВ

Players

RdD

  • Race: Zerg Zerg
  • League: Master
  • Spawn Location: 5:00

TopSpecnaz - Winner!

  • Race: Protoss Protoss
  • League: Master
  • Spawn Location: 11:00

VOD

Have the link to the VOD?

Description

Time

  • Played on: Jan. 26, 2018, 3:51 a.m.
  • Length: 11:21
Show
View Real Time Build Order
Export as new Build Order

RdD Zerg 

Build Orders: Hatch First 

Get SALT Encoding   

  12  0:01  Drone  
  13  0:10  Drone  
  14  0:16  Overlord  
  14  0:35  Drone x3  
  17  0:52  Hatchery  
  16  1:05  Spawning Pool  
  16  1:10  Drone  
  16  1:14  Drone  
  16  1:17  Drone  
  18  1:21  Drone  
  19  1:48  Hatchery  
  19  1:53  Queen  
  20  1:54  Zergling x2  
  20  1:57  Zergling x2  
  22  2:04  Zergling x2  
  22  2:06  Extractor  
  22  2:07  Drone  
  22  2:08  Drone  
  24  2:17  Queen  
  26  2:24  Drone x2  
  28  2:33  Overlord  
  28  2:51  Queen  
  28  2:54  Drone x4  
  34  3:05  Queen  
  36  3:08  Metabolic Boost  
  36  3:11  Drone  
  37  3:16  Drone x2  
  39  3:20  Drone  
  39  3:23  Drone  
  41  3:27  Overlord  
  41  3:30  Drone  
  41  3:33  Overlord  
  42  3:45  Queen x2  
  46  3:52  Overlord  
  46  3:57  Spore Crawler, Drone x2  
  46  3:58  Drone  
  48  4:05  Drone x2  
  48  4:07  Overlord  
  50  4:15  Drone x2  
  50  4:16  Drone x3  
  55  4:21  Spore Crawler  
  54  4:27  Drone  
  54  4:28  Drone x4  
  54  4:29  Drone  
  58  4:37  Drone x4  
  58  4:38  Drone  
  61  4:43  Lair  
  61  4:49  Extractor  
  61  4:50  Extractor  
  59  4:55  Drone x3  
  59  4:56  Drone x4  
  59  4:59  Overlord  
  65  5:05  Overlord x2  
  65  5:12  Baneling Nest  
  64  5:18  Evolution Chamber  
  63  5:22  Zergling x2  
  63  5:23  Zergling x18  
  63  5:26  Drone  
  73  5:35  Extractor, Drone x5  
  77  5:52  Zerg Missile Weapons Level 1  
  77  5:54  Drone x4  
  81  5:59  Centrifical Hooks  
  81  6:00  Hydralisk Den  
  81  6:03  Overlord x4  
  80  6:15  Drone x2  
  80  6:16  Extractor  
  80  6:30  Hydralisk, Hatchery  
  80  6:31  Muscular Augments, Hydralisk x6  
  80  6:32  Hydralisk  
  95  6:41  Hydralisk x2  
  95  6:43  Overlord x2  
  99  6:49  Evolution Chamber  
  99  6:50  Hydralisk x2  
  99  6:53  Extractor, Drone x2  
  99  6:54  Drone  
  104  7:02  Hydralisk x3  
  104  7:04  Hydralisk  
  112  7:14  Hydralisk x3  
  118  7:18  Zergling x6  
  118  7:19  Zergling x6  
  124  7:24  Drone x2  
  124  7:25  Drone  
  127  7:33  Hydralisk x4  
  134  7:40  Zerg Ground Armor Level 1  
  134  7:44  Hydralisk  
  134  7:45  Zergling x4  
  134  7:46  Zergling x6  
  134  7:47  Zergling x2  
  142  7:58  Overlord  
  142  8:00  Zerg Missile Weapons Level 2  
  142  8:09  Hydralisk  
  144  8:17  Hydralisk x4  
  144  8:19  Overlord x4  
  152  8:26  Baneling  
  152  8:27  Baneling x4  
  152  8:28  Baneling x5  
  141  8:42  Hydralisk x6  
  141  8:44  Hydralisk  
  141  8:47  Hydralisk  
  119  9:00  Hydralisk x3  
  119  9:01  Hydralisk  
  122  9:02  Drone  
  122  9:03  Drone x8  
  122  9:04  Drone  
  127  9:17  Drone  
  127  9:18  Extractor, Hydralisk x3  
  127  9:19  Hydralisk x3  
  139  9:25  Overseer  
  137  9:31  Hydralisk x2  
  137  9:32  Hydralisk  
  137  9:34  Zergling x10  
  137  9:35  Zergling x2  
  149  9:40  Hydralisk x2  
  153  9:51  Hydralisk x5  
  163  9:53  Zergling x6  
  163  9:57  Zergling x4  
  163  9:58  Zergling x4  
  170  10:04  Hydralisk x2  
  170  10:05  Hydralisk  
  137  10:10  Hydralisk  
  137  10:11  Hydralisk x2  
  137  10:12  Hydralisk  
  128  10:29  Hydralisk x2  
  128  10:30  Hydralisk x5  
  131  10:38  Hydralisk x4  
  131  10:41  Hydralisk  
  105  10:54  Hydralisk x2  
  105  10:55  Hydralisk x2  
Show
View Real Time Build Order
Export as new Build Order

TopSpecnaz Protoss - Winner!

Build Orders: 1 Gate Expand, Oracle Opening, Carrier Rush 

Get SALT Encoding   

  12  0:01  Probe  
  13  0:13  Probe  
  14  0:19  Pylon  
  14  0:25  Probe  
  15  0:37  Gateway  
  15  0:40  Probe (Chrono Boost)  
  17  0:50  Probe (Chrono Boost), Assimilator  
  17  0:55  Probe (Chrono Boost)  
  18  1:06  Probe  
  19  1:25  Nexus  
  19  1:35  Cybernetics Core  
  19  1:39  Probe  
  20  1:43  Assimilator  
  20  1:51  Probe  
  21  1:55  Pylon  
  21  2:03  Probe  
  22  2:13  Adept  
  22  2:15  Probe  
  25  2:22  Stargate  
  25  2:27  Probe  
  26  2:32  Shield Battery  
  26  2:37  Probe (Chrono Boost)  
  28  2:44  Sentry, Probe (Chrono Boost)  
  28  2:48  Probe (Chrono Boost)  
  31  2:53  Probe x2 (Chrono Boost)  
  33  3:03  Probe  
  33  3:05  Void Ray (Chrono Boost)  
  35  3:12  Probe  
  39  3:15  Probe, Pylon  
  40  3:20  Assimilator  
  40  3:24  Probe  
  41  3:27  Probe  
  41  3:29  Assimilator  
  42  3:37  Probe  
  42  3:38  Oracle (Chrono Boost)  
  42  3:40  Probe  
  47  3:49  Probe  
  47  3:52  Probe  
  49  4:01  Probe  
  50  4:03  Fleet Beacon  
  50  4:04  Probe  
  51  4:13  Probe  
  51  4:16  Probe  
  53  4:17  Stargate  
  53  4:23  Pylon  
  53  4:25  Probe  
  53  4:31  Pylon  
  54  4:36  Probe  
  54  4:37  Probe  
  53  4:44  Stargate  
  53  4:48  Probe  
  53  4:49  Probe  
  61  4:53  Carrier (Chrono Boost)  
  61  4:58  Pylon  
  61  5:09  Carrier (Chrono Boost)  
  61  5:21  Pylon, Probe  
  67  5:27  Nexus  
  67  5:28  Pylon  
  68  5:29  Probe  
  68  5:32  Carrier (Chrono Boost)  
  69  5:42  Probe  
  76  5:43  Probe  
  76  5:48  Shield Battery  
  77  5:50  Protoss Air Weapons Level 1 (Chrono Boost)  
  77  5:51  Shield Battery  
  77  5:56  Probe x2  
  79  6:01  Graviton Catapult  
  79  6:05  Pylon  
  79  6:08  Probe x2  
  81  6:20  Pylon  
  87  6:28  Probe  
  87  6:29  Assimilator  
  87  6:32  Carrier (Chrono Boost)  
  88  6:34  Probe  
  88  6:35  Assimilator  
  88  6:38  Pylon  
  89  6:40  Probe  
  90  6:52  Probe, Carrier (Chrono Boost)  
  97  6:55  Probe  
  97  6:59  Shield Battery  
  98  7:02  Void Ray (Chrono Boost)  
  98  7:04  Probe x2  
  104  7:11  Shield Battery  
  104  7:13  Pylon  
  104  7:15  Gateway  
  104  7:18  Pylon  
  104  7:20  Sentry  
  106  7:27  Cybernetics Core  
  106  7:30  Forge  
  106  7:39  Carrier (Chrono Boost)  
  116  7:44  Protoss Air Weapons Level 2 (Chrono Boost)  
  116  7:46  Void Ray (Chrono Boost)  
  116  7:51  Robotics Facility  
  116  7:56  Pylon  
  116  8:04  Shield Battery, Pylon  
  116  8:10  Sentry  
  124  8:16  Photon Cannon  
  124  8:18  Carrier (Chrono Boost)  
  124  8:19  Zealot  
  126  8:23  Protoss Air Armor Level 1 (Chrono Boost)  
  126  8:26  Gateway  
  126  8:30  Pylon  
  126  8:33  Twilight Council  
  126  8:38  Pylon  
  126  8:40  Void Ray (Chrono Boost)  
  126  8:51  Carrier (Chrono Boost)  
  128  9:00  Observer  
  119  9:07  Probe  
  120  9:15  Charge  
  120  9:18  Probe  
  120  9:19  Probe  
  128  9:25  Observer  
  128  9:27  Carrier (Chrono Boost)  
  129  9:31  Probe  
  129  9:34  Gateway  
  129  9:37  Sentry  
  132  9:42  Sentry  
  132  9:43  Probe  
  135  9:48  Observer  
  136  9:55  Probe, Void Ray (Chrono Boost)  
  136  9:58  Pylon  
  141  10:03  Zealot  
  143  10:08  Zealot  
  145  10:17  Photon Cannon  
  143  10:32  Photon Cannon  
  143  10:35  Photon Cannon  
  133  10:40  Zealot x2  
  133  10:41  Sentry  
  139  10:48  Observer, Photon Cannon  
Tags
 
Add a new tag
Caveats
  • Supply blocks, unpowered buildings, or Contaminate may cause inaccurate times.
  • Supply counts are checked every 10 seconds.